 Dungeon Crawl Stone Soup version 0.29-a0-359-g541a27f54d (webtiles) character file.

Game seed: 11319127874840914042

62 Bruhh the Insei (level 4, -5/34 HPs)
             Began as a Gnoll Transmuter on Apr 27, 2022.
             Was an Initiate of Gozag.
             Slain by a howler monkey (7 damage)
             ... on level 4 of the Dungeon.
             The game lasted 00:03:15 (2353 turns).

Bruhh the Insei (Gnoll Transmuter)                  Turns: 2353, Time: 00:03:16

Health: -5/34      AC:  2    Str:  9    XL:     4   Next: 8%
Magic:  11/11      EV: 13    Int: 14    God:    Gozag
Gold:   100        SH:  0    Dex: 13    Spells: 10/13 levels left

rFire   . . .      SeeInvis .     - Unarmed
rCold   . . .      Faith    .   (no shield)
rNeg    . . .      Spirit   .   a - +0 robe
rPois   .          Reflect  .   (no helmet)
rElec   .          Harm     .   (no cloak)
rCorr   .          Rampage  .   (no gloves)
Will    .....                   (no boots)
Stlth   ++........              (no amulet)
HPRegen 0.11/turn               (no ring)
MPRegen 0.12/turn               (no ring)

@: no status effects
A: fangs 1, strong nose, distributed training
a: Renounce Religion, Potion Petition, Call Merchant, Bribe Branch


You were on level 4 of the Dungeon.
You worshipped Gozag.
Gozag was aware of your devotion.
You visited 1 branch of the dungeon, and saw 4 of its levels.

You collected 123 gold pieces.
You paid 23 gold pieces to Gozag.

Inventory:

Armour
 a - a +0 robe (worn)
Jewellery
 g - an amulet of regeneration
Wands
 r - a wand of iceblast (7)
 u - a wand of digging (6)
Scrolls
 c - 2 scrolls of fear {unknown}
 e - a scroll of teleportation {unknown}
 f - a scroll of vulnerability {unknown}
 i - 3 scrolls of identify {unknown}
 j - a scroll of blinking {unknown}
 o - a scroll of fog {unknown}
 p - a scroll of enchant weapon {unknown}
 q - a scroll of noise {unknown}
 v - a scroll of torment {unknown}
Potions
 b - a potion of lignification
 d - a potion of brilliance {unknown}
 h - 2 potions of haste {unknown}
 k - 2 potions of flight {unknown}
 l - a potion of attraction {unknown}
 m - a potion of degeneration {unknown}
 n - 3 potions of mutation {unknown}
 s - a potion of might {unknown}
 t - a potion of resistance {unknown}


   Skills:
 + Level 2.7 Fighting
 + Level 1.0 Short Blades
 + Level 1.0 Long Blades
 + Level 1.0 Axes
 + Level 1.0 Maces & Flails
 + Level 1.0 Polearms
 + Level 1.0 Staves
 + Level 1.0 Slings
 + Level 1.0 Bows
 + Level 1.0 Crossbows
 + Level 1.0 Throwing
 + Level 1.0 Armour
 + Level 4.6 Dodging
 + Level 1.0 Stealth
 + Level 1.0 Shields
 + Level 6.5 Unarmed Combat
 + Level 5.0 Spellcasting
 + Level 0.7 Conjurations
 + Level 0.7 Hexes
 + Level 0.7 Summonings
 + Level 0.7 Necromancy
 + Level 0.7 Translocations
 + Level 3.8 Transmutations
 + Level 0.7 Fire Magic
 + Level 0.7 Ice Magic
 + Level 0.7 Air Magic
 + Level 0.7 Earth Magic
 + Level 0.7 Poison Magic
 + Level 1.1 Invocations
 + Level 1.0 Evocations


You had 10 spell levels left.
You knew the following spells:

 Your Spells              Type           Power      Damage    Failure   Level
a - Beastly Appendage     Tmut           28%        N/A       3%          1
b - Wereblood             Tmut           14%        N/A       5%          2

Your spell library contained the following spells:

 Spells                   Type           Power      Damage    Failure   Level
 Spider Form              Tmut/Pois      9%         N/A       21%         3
 Ice Form                 Ice/Tmut       9%         N/A       56%         4


Dungeon Overview and Level Annotations

Branches:
Dungeon (4/15)
 Temple: D:4-7

Altars:
Gozag

Shops:
D:3 [

Annotations:
D:2 1 runed translucent door, Crazy Yiuf


Innate Abilities, Weirdness & Mutations

You have very sharp teeth.
Your uncanny sense of smell can sniff out nearby items.
Your experience applies equally to all skills.


Message History

Confirm with . or Enter, or press ? or * to list all spells.
Okay, then.
The howler monkey howls!
You hear an angry hiss.
You hear a shout!
A phantom comes into view.
A goblin comes into view. It is wielding a +0 dagger.
The howler monkey hoots and howls with incredible vigour!
You hear an angry hiss.
You hear a shout! x3; You hear an angry hiss.
The howler monkey closely misses you.
The howler monkey attacks as you move away!
The howler monkey hits you.
Your horns disappear.
Your talons disappear.
The howler monkey attacks as you move away!
The howler monkey hits you.
The howler monkey completely misses you.
The howler monkey attacks as you move away!
The howler monkey barely misses you.
The howler monkey hoots and howls with incredible vigour!
You hear an angry hiss.
The howler monkey attacks as you move away!
The howler monkey closely misses you.
The howler monkey attacks as you move away!
The howler monkey hits you.
The howler monkey attacks as you move away!
The howler monkey hits you. x2
The howler monkey attacks as you move away!
The howler monkey hits you.
The howler monkey attacks as you move away!
The howler monkey closely misses you.
The howler monkey attacks as you move away!
The howler monkey closely misses you. The howler monkey hits you.
* * * LOW HITPOINT WARNING * * *
The howler monkey attacks as you move away!
The howler monkey hits you.
* * * LOW HITPOINT WARNING * * *
The howler monkey attacks as you move away!
The howler monkey closely misses you.
The howler monkey attacks as you move away!
The howler monkey hits you!
You die...
Your body crumbles into a pile of gold.

################
#..............###
#.############.... #.#
#...>. #.## ####.....
#..# #....#### ##.#
#####.#.##
###.###.....#.##
#######.@.....####...##
#......<#h#######.....##
..#######.## ##.......#
#g.# ##........# ##W#
#........>#
#.###.##.....##
#..#..gW.....##
#####.#..#.......#
#........#.......#


You could see a phantom, a howler monkey and a goblin.

Vanquished Creatures
  2 adders (D:2)
  A worm (D:2)
  8 bats
  2 endoplasms
  3 giant cockroaches
  4 goblins
  3 hobgoblins
  3 jackals (D:1)
  5 kobolds
  A quokka (D:2)
  4 ball pythons
  A frilled lizard (D:3)
  3 rats
40 creatures vanquished.

Notes
Turn   | Place    | Note
-------+----------+-------------------------------------------
     0 | D:1      | Bruhh the Gnoll Transmuter began the quest for the Orb.
     0 | D:1      | Reached XP level 1. HP: 17/17 MP: 6/6
   231 | D:1      | Reached XP level 2. HP: 23/23 MP: 5/7
   571 | D:1      | Reached XP level 3. HP: 26/28 MP: 7/9
   820 | D:2      | Reached skill level 5 in Spellcasting
   996 | D:2      | Found a faded altar of an unknown god.
  1009 | D:2      | Reached skill level 1 in Invocations
  1162 | D:2      | Reached skill level 1 in Short Blades
  1162 | D:2      | Reached skill level 1 in Long Blades
  1162 | D:2      | Reached skill level 1 in Axes
  1162 | D:2      | Reached skill level 1 in Maces & Flails
  1162 | D:2      | Reached skill level 1 in Polearms
  1162 | D:2      | Reached skill level 1 in Staves
  1162 | D:2      | Reached skill level 1 in Slings
  1162 | D:2      | Reached skill level 1 in Bows
  1162 | D:2      | Reached skill level 1 in Crossbows
  1162 | D:2      | Reached skill level 1 in Throwing
  1162 | D:2      | Reached skill level 1 in Armour
  1162 | D:2      | Reached skill level 1 in Stealth
  1162 | D:2      | Reached skill level 1 in Shields
  1162 | D:2      | Reached skill level 1 in Evocations
  1567 | D:2      | Learned a level 2 spell: Wereblood
  1716 | D:2      | Found a runed translucent door.
  1717 | D:2      | Noticed Crazy Yiuf
  1808 | D:3      | Reached XP level 4. HP: 33/34 MP: 9/11
  1893 | D:3      | Found an opulent altar of Gozag.
  1904 | D:3      | Became a worshipper of Gozag Ym Sagoz the Greedy
  1950 | D:3      | Found Gepecout's Antique Armour Shop.
  2328 | D:4      | Noticed a phantom
  2353 | D:4      | Slain by a howler monkey

Illustrated notes

Levels and vault maps discovered:
D:1:      saegor_arrival_simple_e, layout_rooms, st_stairs_3
D:2:      layout_basic, hellmonk_ecumenical_altar_blasted,
          uniq_crazy_yiuf_cottage
D:3:      layout_basic, grunt_gozag_statues, serial_shops, shop,
          minmay_misc_feat_more_columns
D:4:      layout_rooms, mainiacjoe_overflow_surrounded_room

Skill      XL: |  1  2  3 |
---------------+----------+-----
Spellcasting   | 5 |  5.0
Invocations    | 1 |  1.1
Short Blades   | 1 |  1.0
Long Blades    | 1 |  1.0
Axes           | 1 |  1.0
Maces & Flails | 1 |  1.0
Polearms       | 1 |  1.0
Staves         | 1 |  1.0
Slings         | 1 |  1.0
Bows           | 1 |  1.0
Crossbows      | 1 |  1.0
Throwing       | 1 |  1.0
Armour         | 1 |  1.0
Stealth        | 1 |  1.0
Shields        | 1 |  1.0
Evocations     | 1 |  1.0
Fighting       | |  2.7
Dodging        | |  4.6
Unarmed Combat | |  6.5
Conjurations   | |  0.7
Hexes          | |  0.7
Summonings     | |  0.7
Necromancy     | |  0.7
Translocations | |  0.7
Transmutations | |  3.8
Fire Magic     | |  0.7
Ice Magic      | |  0.7
Air Magic      | |  0.7
Earth Magic    | |  0.7
Poison Magic   | |  0.7

Action                   |  1- 3 |  4- 6 || total
-------------------------+-------+-------++-------
Melee: Unarmed           |    78 |     7 ||    85
       Kick              |    13 |     2 ||    15
       Headbutt          |     8 |     1 ||     9
       Bite              |     5 |     1 ||     6
       Punch             |     4 |       ||     4
 Cast: Beastly Appendage |    26 |     3 ||    29
Armor: Robe              |    19 |     1 ||    20
Dodge: Dodged            |    77 |     8 ||    85

Table legend: (Time is in decaauts)
 A = Elapsed time spent in this place.
 B = Non-inter-level travel time spent in this place.
 C = Inter-level travel time spent in this place.
 D = Time resting spent in this place.
 E = Time spent auto-exploring this place.
 F = Levels seen in this place.
 G = Mean time per level.
                   A        B        C        D        E       F      G
               +--------+--------+--------+--------+--------+-----+--------+
         Total |   2342 |   2292 |     50 |      0 |   1969 |   4 |  585.5 |
       Dungeon |   2342 |   2292 |     50 |      0 |   1969 |   4 |  585.5 |
               +--------+--------+--------+--------+--------+-----+--------+

Top non-repeatable levels by time:
     D:2: 974 daAuts
     D:1: 786 daAuts
     D:3: 492 daAuts
     D:4: 88 daAuts
